 Dungeon Crawl Stone Soup version 0.24.1-1-gd1d2a07e1b (webtiles) character file.

Game seed: 15797641873445762749, levelgen mode: deterministic

13 MajorAdolf the Poker (level 2, 0/24 HPs)
             Began as a Naga Wanderer on Apr 11, 2020.
             Slain by a jackal (2 damage)
             ... on level 1 of the Dungeon.
             The game lasted 00:01:10 (448 turns).

MajorAdolf the Poker (Naga Wanderer)                 Turns: 448, Time: 00:01:10

Health: 0/24       AC:  1    Str: 15    XL:     2   Next: 37%
Magic:  3/3        EV:  8    Int: 12    God:
Gold:   18         SH:  3    Dex:  9    Spells: 3/3 levels left

rFire    . . .     SeeInvis +   a - +2 spear
rCold    . . .     Gourm    .   e - +0 buckler
rNeg     . . .     Faith    .   d - +0 robe
rPois    +         Spirit   .   (no helmet)
rElec    .         Reflect  .   (no cloak)
rCorr    .         Harm     .   (no gloves)
MR       .....                  (no barding)
Stlth    ++........             (no amulet)
HPRegen  0.08/turn              (no ring)
MPRegen  0.08/turn              (no ring)

@: very slow
A: large, see invisible, deformed body, poison resistance, slowness 2, slow
metabolism 1, spit poison 1, AC +0
a: Spit Poison


You were on level 1 of the Dungeon.
You were not hungry.

You visited 1 branch of the dungeon, and saw 1 of its levels.

You collected 18 gold pieces.

Inventory:

Hand Weapons
 a - a +2 spear (weapon)
Armour
 d - a +0 robe (worn)
 e - a +0 buckler (worn)
Scrolls
 c - a scroll of remove curse
 g - 3 scrolls of identify
Comestibles
 f - 2 rations


   Skills:
 + Level 0.7 Fighting
 - Level 4.0 Polearms
 - Level 1.0 Throwing
 + Level 0.4 Armour
 + Level 0.4 Dodging
 + Level 2.2 Stealth
 + Level 0.2 Shields
 - Level 1.0 Spellcasting
   Level 2.0 Translocations
   Level 1.0 Evocations


You had 3 spell levels left.
You didn't know any spells.
Your spell library contained the following spells:

 Spells                   Type           Power        Failure   Level  Hunger
 Apportation              Tloc           #.....       21%         1    ##.....
 Summon Small Mammal      Summ           #...         43%         1    ##.....
 Teleport Other           Tloc           #.......     52%         3    ####...
 Call Canine Familiar     Summ           #.......     80%         3    ####...


Dungeon Overview and Level Annotations

Branches:
Dungeon (1/15)

Altars:


Innate Abilities, Weirdness & Mutations

You cannot wear boots.
Your serpentine skin is tough. (AC +0)
You have supernaturally acute eyesight. (SInv)
Armour fits poorly on your strangely shaped body.
Your system is resistant to poisons. (rPois)
You cover ground very slowly.
You have a slow metabolism.
You can spit poison.


Message History

The jackal bites you but does no damage.
You aren't carrying any potions.
Unknown command.
You hit the jackal.
You kill the jackal!
The hobgoblin hits you.
* * * LOW HITPOINT WARNING * * *
The hobgoblin hits you.
* * * LOW HITPOINT WARNING * * *
You block the hobgoblin's attack. The hobgoblin barely misses you.
The hobgoblin closely misses you. You block the jackal's attack.
The jackal bites you.
* * * LOW HITPOINT WARNING * * *
The jackal bites you.
* * * LOW HITPOINT WARNING * * *
There is an open door here.
The jackal bites you.
You die...

#.#.# #.#.# #.#.#
####'#.###########
#........†.......#
#................#
#................#
#.............^..################
#...........>...@hgghh..........†
#.....######.....####...#########
#.....# #........# #...# #.....#
#........# #...#
#.....###....#+### #...#
####.......#.# #...# ##...#.##.#
#...# #...#.##.# ..... #...#.# .#
(....#


You could see 3 jackals and 2 hobgoblins.

Vanquished Creatures
  A giant cockroach (D:1)
  A hobgoblin (D:1)
  4 jackals (D:1)
  3 bats (D:1)
  A kobold (D:1)
  2 rats (D:1)
12 creatures vanquished.

Notes
Turn   | Place    | Note
-------+----------+-------------------------------------------
     0 | D:1      | MajorAdolf the Naga Wanderer began the quest for the Orb.
     0 | D:1      | MajorAdolf set off with the following items: a +2 spear, a
                  | +0 robe, a ration; and the following spells available to
                  | memorise: Apportation, Summon Small Mammal, Teleport Other,
                  | Call Canine Familiar
     0 | D:1      | Reached XP level 1. HP: 15/15 MP: 2/2
   361 | D:1      | Reached XP level 2. HP: 24/24 MP: 3/3
   448 | D:1      | Slain by a jackal

Levels and vault maps discovered:
D:1:      wander_arrival_fairy_ring, layout_basic

Skill      XL: |  1 |
---------------+----+-----
Stealth        | 2 |  2.2
Fighting       | |  0.7
Polearms       | |  4.0
Throwing       | |  1.0
Armour         | |  0.4
Dodging        | |  0.4
Shields        | |  0.2
Spellcasting   | |  1.0
Translocations | |  2.0
Evocations     | |  1.0

Action                   || total
-------------------------++-------
Melee: Spear             ||    40
 Abil: Spit Poison       ||     3
  Use: Scroll            ||     2
 Stab: Sleeping          ||     2
Armor: Robe              ||     6
Dodge: Dodged            ||    19
Block: Buckler           ||     4
